 Dungeon Crawl Stone Soup version 0.31-a0-151-ge443d1f16c (webtiles) character file.

Game seed: 13796196616327201493

221 qw the Shooter (level 5, -13/45 HPs)
             Began as a Minotaur Hunter on June 8, 2023.
             Blown up by Ijyb (20 damage)
             ... with a mindburst bolt
             ... on level 3 of the Dungeon.
             The game lasted 00:00:26 (1420 turns).

qw the Shooter (Minotaur Hunter)                    Turns: 1420, Time: 00:00:26

Health: -13/45     AC:  4    Str: 16    XL:     5   Next: 65%
Magic:  4/4        EV: 12    Int:  6    God:
Gold:   155        SH:  0    Dex: 18    Spells: 4/4 levels left

rFire   . . .        Y - +0 shortbow
rCold   . . .        (shield currently unavailable)
rNeg    + . .        b - +1 leather armour of the Lute {rN+ rCorr}
rPois   .            (helmet restricted)
rElec   +            (no cloak)
rCorr   +            (no gloves)
SInv    .            (no boots)
Will    +....        d - amulet of the acrobat
Stlth   ++           i - +4 ring of slaying {mikee}
HPRegen 0.27/turn    j - ring "Lutic" {rElec Will+ Dex+3}
MPRegen 0.09/turn

%: acrobat
@: about to teleport
A: horns 2, retaliatory headbutt
a: no special abilities


You were on level 3 of the Dungeon.
You visited 1 branch of the dungeon, and saw 3 of its levels.

You collected 155 gold pieces.


Innate Abilities, Weirdness & Mutations

You have a pair of horns on your head.
You reflexively headbutt those who attack you in melee.


   Skills:
 + Level 3.4 Fighting
 - Level 7.3 Ranged Weapons
 - Level 2.1 Dodging
 - Level 0.7 Stealth


You had 4 spell levels left.
You didn't know any spells.
Your spell library was empty.

Inventory:

Hand Weapons
 Y - a +0 shortbow (weapon)
Armour
 b - the +1 leather armour of the Lute (worn) {rN+ rCorr}
   (You found it on level 2 of the Dungeon)

   rN:        It protects you from negative energy.
   rCorr:     It protects you from acid and corrosion.
Jewellery
 c - a ring of flight
 d - an amulet of the acrobat (around neck)
 i - a +4 ring of slaying (left hand) {mikee}
 j - the ring "Lutic" (right hand) {rElec Will+ Dex+3}
   (You found it on level 2 of the Dungeon)

   [ring of willpower]

   Dex:       It affects your dexterity (+3).
   rElec:     It insulates you from electricity.
   Will:      It increases your willpower.
Scrolls
 a - a scroll of teleportation
Potions
 g - a potion of magic {unknown}

Dungeon Overview and Level Annotations

Branches:
Dungeon (3/15)

Altars:

Annotations:
D:3 Ijyb


Message History

Ijyb hits you but does no damage. Ijyb closely misses you.
You shoot an arrow. The arrow hits Ijyb but does no damage.
Ijyb is lightly wounded.
Ijyb misses you.
You shoot an arrow. The arrow hits Ijyb but does no damage.
Ijyb is lightly wounded.
Ijyb zaps a wand.
You resist with some effort. Ijyb barely misses you.
You shoot an arrow. The arrow closely misses Ijyb.
The arrow hits the endoplasm.
The endoplasm is almost dead.
Ijyb hits you with a +0 dagger. Ijyb hits you but does no damage.
You shoot an arrow. The arrow hits Ijyb but does no damage.
Ijyb is lightly wounded.
Ijyb hits you but does no damage.
You shoot an arrow. The arrow hits Ijyb.
Ijyb is lightly wounded.
Ijyb closely misses you. Ijyb misses you.
You shoot an arrow. The arrow hits Ijyb.
Ijyb is moderately wounded.
Ijyb hits you with a +0 dagger.
You shoot an arrow. The arrow hits Ijyb but does no damage.
Ijyb is moderately wounded.
Ijyb zaps a wand.
Your mind is blasted!
Ijyb zaps a wand.
You resist with some effort.
You shoot an arrow. The arrow hits Ijyb but does no damage.
Ijyb is moderately wounded.
Ijyb zaps a wand.
You resist with some effort.
You shoot an arrow. The arrow hits Ijyb but does no damage.
Ijyb is moderately wounded.
Ijyb barely misses you. Ijyb closely misses you.
You shoot an arrow. The arrow hits Ijyb.
Ijyb is moderately wounded.
Ijyb hits you but does no damage.
You shoot an arrow. The arrow hits Ijyb.
Ijyb is heavily wounded.
Ijyb zaps a wand.
Your mind is blasted!
Ijyb zaps a wand.
Your mind is blasted!
1420 ||| READING 2 scrolls of teleportation.
As you read the scroll of teleportation, it crumbles to dust.
You feel strangely unstable.
Ijyb zaps a wand.
Your mind is blasted!
You die...

### ###.# ...# ###
###.############.#
#................#
#.#........#####..
###.###.########.### #..
......)@...........# #..
###.###g########.#.###..
.J. ............. ##.##
###.#...###.. ...
.......###.. #.#
###.......... #.#
#.......... #.#
#..........
####.........


You could see Ijyb (fast) and an endoplasm.

Vanquished Creatures
  Sigmund (D:3)
  2 adders (D:2)
  A worm (D:3)
  A dart slug (D:2)
  An orc (D:3)
  3 endoplasms
  4 giant cockroaches
  4 hobgoblins
  2 quokkas (D:2)
  5 ball pythons
  A frilled lizard (D:1)
  3 goblins
  2 kobolds (D:1)
  A rat (D:1)
31 creatures vanquished.

Notes
Turn   | Place    | Note
-------+----------+-------------------------------------------
     0 | D:1      | qw the Minotaur Hunter began the quest for the Orb.
     0 | D:1      | Reached XP level 1. HP: 18/18 MP: 0/0
     0 | D:1      | 0 ||| qw: Version: 0.2-a-120-gdf1a93b
     0 | D:1      | 0 ||| qw: Game counter: 3081
     0 | D:1      | 0 ||| qw: Always use a shield: true
     0 | D:1      | 0 ||| qw: God list: Okawaru
     0 | D:1      | 0 ||| qw: Allow faded altars: false
     0 | D:1      | 0 ||| qw: Do Orc after D:15 true
     0 | D:1      | 0 ||| qw: Do second Lair branch before Depths: true
     0 | D:1      | 0 ||| qw: Lair rune preference: random
     0 | D:1      | 0 ||| qw: Plans: Normal
     0 | D:1      | 0 ||| PLANNING D:1-11
   162 | D:1      | Reached XP level 2. HP: 20/25 MP: 1/1
   240 | D:1      | Reached skill level 5 in Ranged Weapons
   379 | D:1      | Found a faded altar of an unknown god.
   614 | D:1      | 614 ||| UPGRADING to amulet of the acrobat.
   619 | D:1      | 619 ||| UPGRADING to +4 ring of slaying {mikee}.
   620 | D:1      | 620 ||| READING 2 scrolls labelled YQODAH ONEI.
   623 | D:1      | 623 ||| DROPPING scroll of butterflies.
   639 | D:2      | Reached skill level 3 in Fighting
   644 | D:2      | Identified the +1 leather armour of the Lute {rN+ rCorr}
   674 | D:2      | Reached XP level 3. HP: 31/31 MP: 2/2
   693 | D:2      | Identified the ring "Lutic" {rElec Will+ Dex+3}
  1179 | D:2      | 1179 ||| UPGRADING to +1 leather armour of the Lute {rN+
                  | rCorr}.
  1189 | D:2      | 1189 ||| DROPPING +0 leather armour.
  1190 | D:2      | 1190 ||| UPGRADING to ring "Lutic" {rElec Will+ Dex+3}.
  1191 | D:2      | 1191 ||| READING scroll labelled BUSHRU PE GILAR.
  1192 | D:2      | 1192 ||| DRINKING 2 dark potions.
  1193 | D:2      | 1193 ||| DRINKING 2 golden potions.
  1232 | D:2      | 1232 ||| DROPPING potion of degeneration.
  1233 | D:2      | 1233 ||| DROPPING potion of lignification.
  1349 | D:3      | Noticed Sigmund
  1353 | D:3      | Killed Sigmund
  1354 | D:3      | Reached skill level 7 in Ranged Weapons
  1354 | D:3      | Reached XP level 4. HP: 38/38 MP: 3/3
  1354 | D:3      | Reached XP level 5. HP: 45/45 MP: 4/4
  1403 | D:3      | Noticed Ijyb
  1419 | D:3      | HP: 6/45 [disintegration (17)]
  1420 | D:3      | 1420 ||| READING 2 scrolls of teleportation.
  1420 | D:3      | Blown up by Ijyb

Levels and vault maps discovered:
D:1:      minmay_arrival_stone_box, layout_loops_ring,
          hellmonk_ecumenical_altar_leap_of_faith
D:2:      layout_basic
D:3:      layout_basic, due_unseen_surprise, uniq_ijyb, uniq_sigmund

Skill      XL: |  1  2  3 |
---------------+----------+-----
Ranged Weapons | 5 7 |  7.3
Fighting       | 3 |  3.4
Dodging        | |  2.1
Stealth        | |  0.7

Action                     |  1- 3 |  4- 6 || total
---------------------------+-------+-------++-------
   Fire: Shortbow          |    58 |    23 ||    81
    Use: Scroll            |     2 |     1 ||     3
         Potion            |     2 |       ||     2
 Armour: Leather armour    |     2 |     4 ||     6
  Dodge: Dodged            |     4 |     7 ||    11

Table legend:
 A = Non-vault XP
 B = Vault XP
 C = Vault XP percentage of total XP
 D = Non-vault monster count
 E = Vault monster count
 F = Vault count percentage of total count
                 A         B        C        D         E       F
            +---------+---------+-------+---------+---------+-------
      Total |      78 |     239 |  75.4 |      30 |       1 |   3.2
            +---------+---------+-------+---------+---------+-------
        D:1 |      22 |       0 |   0.0 |      15 |       0 |   0.0
        D:2 |      41 |       0 |   0.0 |       9 |       0 |   0.0
        D:3 |      15 |     239 |  94.1 |       6 |       1 |  14.3
            +---------+---------+-------+---------+---------+-------
